Map: Ultralove

Players

GangusKaun

  • Race: Protoss Protoss
  • League: Gold
  • Spawn Location: 1:00

LizzoBeEatin - Winner!

  • Race: Protoss Protoss
  • League: Silver
  • Spawn Location: 7:00

VOD

Have the link to the VOD?

Description

Time

  • Played on: Dec. 6, 2024, 2:21 p.m.
  • Length: 9:19
Show
View Real Time Build Order
Export as new Build Order

GangusKaun Protoss 

Build Orders: 1 Gate Expand 

Get SALT Encoding   

  12  0:00  Probe  
  13  0:19  Probe  
  14  0:31  Probe  
  14  0:32  Pylon  
  15  0:50  Probe  
  15  0:52  Gateway  
  16  1:03  Probe  
  17  1:08  Assimilator  
  17  1:26  Nexus  
  17  1:33  Pylon  
  17  1:45  Probe  
  18  2:06  Cybernetics Core  
  18  2:12  Assimilator  
  18  2:19  Gateway  
  18  2:30  Warp Gate  
  18  2:32  Probe  
  18  2:36  Pylon  
  19  2:42  Probe  
  19  2:44  Probe  
  19  2:50  Probe  
  21  2:52  Zealot  
  21  2:56  Probe  
  24  3:12  Robotics Facility  
  23  3:14  Stalker x2  
  23  3:16  Shield Battery, Probe x2  
  23  3:18  Pylon  
  25  4:07  Immortal  
  29  4:33  Shield Battery  
  29  4:34  Gateway  
  29  4:35  Gateway  
  29  4:37  Pylon  
  29  4:52  Stalker x2  
  33  5:06  Probe  
  33  5:07  Probe  
  35  5:14  Probe  
  35  5:15  Immortal, Probe  
  35  5:20  Twilight Council  
  41  5:24  Probe  
  41  5:28  Gateway  
  42  5:31  Shield Battery  
  42  5:35  Assimilator  
  42  5:40  Shield Battery  
  42  5:47  Zealot  
  44  5:50  Blink, Sentry x2  
  48  6:23  Immortal  
  52  6:27  Zealot  
  52  6:32  Zealot x3  
  60  6:36  Probe  
  60  6:39  Probe  
  62  6:48  Shield Battery  
  62  6:55  Shield Battery  
  62  7:02  Pylon  
  62  7:14  Nexus  
  62  7:46  Immortal, Pylon  
  62  7:48  Forge  
  53  8:32  Dark Shrine  
  48  8:48  Zealot  
  48  8:50  Sentry  
  48  8:51  Sentry x2  
Show
View Real Time Build Order
Export as new Build Order

LizzoBeEatin Protoss - Winner!

Build Orders: 1 Gate Expand, Blink Stalkers 

Get SALT Encoding   

  12  0:00  Probe  
  13  0:12  Probe  
  14  0:19  Pylon  
  14  0:25  Probe  
  15  0:38  Probe  
  15  0:42  Gateway  
  16  0:48  Assimilator  
  16  0:50  Probe  
  17  1:02  Probe  
  18  1:14  Probe  
  19  1:26  Probe  
  19  1:30  Cybernetics Core  
  20  1:38  Nexus  
  20  1:43  Pylon  
  20  1:46  Probe  
  21  1:52  Assimilator  
  21  1:55  Stalker  
  21  1:58  Probe  
  24  2:10  Warp Gate  
  24  2:11  Probe  
  25  2:21  Stalker  
  25  2:23  Probe  
  28  2:34  Twilight Council  
  28  2:35  Probe  
  29  2:43  Pylon  
  29  2:47  Probe  
  29  2:50  Stalker  
  30  2:54  Probe  
  30  2:55  Probe  
  33  3:01  Blink  
  33  3:02  Probe  
  34  3:11  Probe  
  35  3:15  Probe  
  37  3:24  Stalker  
  37  3:34  Probe  
  38  3:41  Gateway  
  40  3:42  Gateway  
  40  3:44  Gateway  
  38  3:59  Probe x2  
  40  4:13  Stalker  
  40  4:14  Probe  
  43  4:17  Pylon  
  43  4:21  Robotics Facility  
  43  4:25  Probe  
  43  4:26  Probe  
  43  4:28  Pylon  
  45  4:37  Stalker x3  
  51  4:42  Probe  
  52  4:57  Warp Prism  
  52  5:01  Nexus  
  52  5:02  Pylon  
  52  5:11  Probe  
  52  5:13  Probe  
  56  5:15  Stalker  
  56  5:16  Stalker x2  
  56  5:17  Stalker  
  64  5:25  Pylon  
  64  5:26  Probe x2  
  66  5:37  Gateway  
  66  5:39  Gateway  
  66  5:40  Probe x2  
  68  5:50  Pylon  
  68  5:53  Probe  
  69  5:59  Pylon  
  69  6:03  Stalker x4  
  77  6:06  Charge  
  75  6:16  Probe x3  
  76  6:20  Observer  
  77  6:26  Stalker x2  
  77  6:27  Stalker  
  77  6:28  Probe x2  
  77  6:30  Probe, Assimilator  
  86  6:40  Probe x2  
  86  6:44  Stalker  
  86  6:45  Stalker  
  92  6:47  Probe  
  92  6:52  Probe  
  92  6:53  Probe  
  95  6:59  Probe  
  96  7:06  Stalker x2  
  96  7:07  Stalker  
  101  7:15  Gateway x2  
  101  7:17  Gateway  
  101  7:20  Gateway, Pylon  
  101  7:21  Gateway  
  96  7:31  Zealot x6  
  102  7:58  Sentry x4  
  108  7:59  Zealot x2  
  104  8:42  Zealot x2  
  104  8:43  Zealot x7  
  104  8:44  Zealot  
  120  8:49  Pylon  
  120  8:51  Pylon  
  120  8:52  Pylon  
  120  8:55  Pylon x2  
  104  9:08  Zealot x5  
  104  9:09  Zealot x6  
Tags
 
Add a new tag
Caveats
  • Supply blocks, unpowered buildings, or Contaminate may cause inaccurate times.
  • Supply counts are checked every 10 seconds.